 Dungeon Sprint DCSS version 0.22.1-1-ga44c0e56f4 (webtiles) character file.

368 MuseOD the Covert (level 6, -16/32 HPs)
             Began as a Spriggan Enchanter on Sept 22, 2018.
             Was a Follower of Dithmenos.
             Killed from afar by a hell hog (30 damage)
             ... with a fireball
             ... in the Dungeon (Sprint II: "The Violet Keep of Menkaure").
             The game lasted 00:01:11 (245 turns).

MuseOD the Covert (Spriggan Enchanter)               Turns: 245, Time: 00:01:11

Health: -16/32     AC:  2    Str:  4    XL:     6   Next: 41%
Magic:  17/17      EV: 18    Int: 18    God:    Dithmenos [*.....]
Gold:   324        SH:  0    Dex: 17    Spells: 14/20 levels left

rFire    . . .     SeeInvis +   a - +1 dagger
rCold    . . .     Gourm    .   (shield restricted)
rNeg     . . .     Faith    .   b - +0 robe
rPois    .         Spirit   .   (helmet restricted)
rElec    .         Reflect  .   (no cloak)
rCorr    .         Harm     .   (gloves unavailable)
MR       +....     NoTele   +   (boots unavailable)
Stlth    ++++++....             (no amulet)
HPRegen  0.10/turn              (no ring)
MPRegen  0.15/turn              (no ring)

@: wreathed by umbra, very quick
A: very small, unfitting armour, see invisible, herbivore, speed 3, slow
metabolism 2
a: Renounce Religion


You were in the Dungeon.
You worshipped Dithmenos.
Dithmenos was aware of your devotion.
You were not hungry.

You visited 1 branch You collected 324 gold pieces.

Inventory:

Hand Weapons
 a - a +1 dagger (weapon)
Armour
 b - a +0 robe (worn)
Scrolls
 j - a scroll of blinking
Potions
 e - a potion of curing
 f - a potion of heal wounds
 g - a potion of haste
 h - 2 potions of magic
Comestibles
 d - a ration


   Skills:
 - Level 3.4 Fighting
 - Level 6.8 Short Blades
 - Level 3.0 Dodging
 + Level 12.2 Stealth
 + Level 7.8 Spellcasting
 + Level 8.2 Hexes


You had 14 spell levels left.
You knew the following spells:

 Your Spells              Type           Power        Failure   Level  Hunger
a - Corona                Hex            #####..      1%          1    None
b - Ensorcelled Hibernat  Hex/Ice        ###...       2%          2    None
c - Confuse               Hex            #####...     1%          3    #......

Your spell library contained the following spells:

 Spells                   Type           Power        Failure   Level  Hunger
 Tukima's Dance           Hex            #####...     1%          3    #......
 Dazzling Spray           Conj/Hex       ###...       5%          3    #......


Dungeon Overview and Level Annotations

Branches:
Dungeon (1/1)

Altars:
Cheibriados
Dithmenos
Elyvilon
Fedhas
Gozag
Hepliaklqana
Kikubaaqudgha
Makhleb
Nemelex Xobeh
Okawaru
Qazlal
Ru
Sif Muna
Trog
Uskayaw
Vehumet
Wu Jian
Xom
Yredelemnul
Zin
The Shining One
Beogh
Jiyva
Lugonu


Innate Abilities, Weirdness & Mutations

You are very small and have problems with some larger weapons.
You are too small for most types of armour.
You have supernaturally acute eyesight. (SInv)
You are a herbivore.
You cover ground extremely quickly.
You need to consume almost no food.


Message History

An arrow shoots out and hits you!
There is an arrow trap here.
You open the large door. 2 hell hogs, 2 yaks, 3 shining eyes, 3 soldier ants, 2 redbacks and 2 unseen
Found eleven items.
Unknown command.
The yak bellows!
The soldier ant twitches its antennae in your direction.
The shining eye turns its gaze towards you. x2
The soldier ant twitches its antennae in your direction.
The hell hog squeals angrily.
The shining eye turns its gaze towards you.
The soldier ant twitches its antennae in your direction.
The yak bellows!
The deep elf master archer shouts!
There is a large open door here.
The hell hog squeals angrily.
The hell hog breathes fire at you.
The fireball explodes!
The fireball engulfs you!
Ouch! That really hurt!
You die...

#|}!}# ###?))=##▓
#$.$.a.YY
#.$.a.$s #⌠x.GG#
#xaG.# ##hh##
##≈§^.###
#e§§..@.# ++
####....# ...
#†.'....#
#..#..####.#
#.####?E+.###
....#.$#...#
###..#####..# (((
#+###.##..#$Z+..#


?!%! ##.##..##..#.(#..# ▓($[[ You could see 2 hell hogs, a shining eye, 2 unseen
horrors and 2 soldier ants.

Vanquished Creatures
  3 black bears (D)
  4 worker ants (D)
  A spectral bat (D)
8 creatures vanquished.

Vanquished Creatures (others)
  A crocodile (D)
1 creature vanquished.

Grand Total: 9 creatures vanquished

Notes
Turn   | Place    | Note
-------+----------+-------------------------------------------
     0 | D        | MuseOD the Spriggan Enchanter began the quest for the Orb.
     0 | D        | Reached XP level 1. HP: 9/9 MP: 5/5
     1 | D        | Noticed a worker ant
     1 | D        | Noticed a worker ant
     1 | D        | Noticed a worker ant
     1 | D        | Noticed a worker ant
     5 | D        | Killed a worker ant
     5 | D        | Reached skill level 6 in Stealth
     5 | D        | Reached XP level 2. HP: 15/15 MP: 6/6
    13 | D        | Reached skill level 5 in Short Blades
    13 | D        | Reached skill level 7 in Stealth
    13 | D        | Reached XP level 3. HP: 19/19 MP: 8/8
    17 | D        | Reached XP level 4. HP: 24/24 MP: 9/9
    19 | D        | Reached skill level 8 in Stealth
    23 | D        | Killed a crocodile
    25 | D        | Learned a level 2 spell: Ensorcelled Hibernation
    29 | D        | Learned a level 3 spell: Confuse
    71 | D        | Found a snail-covered altar of Cheibriados.
    72 | D        | Found a shadowy altar of Dithmenos.
    73 | D        | Found a white marble altar of Elyvilon.
    73 | D        | Found an ancient bone altar of Kikubaaqudgha.
    73 | D        | Found a roughly hewn altar of Beogh.
    73 | D        | Found a viscous altar of Jiyva.
    74 | D        | Found a blossoming altar of Fedhas.
    74 | D        | Found a corrupted altar of Lugonu.
    74 | D        | Found a deep blue altar of Sif Muna.
    75 | D        | Found an opulent altar of Gozag.
    75 | D        | Found a burning altar of Makhleb.
    75 | D        | Found a bloodstained altar of Trog.
    76 | D        | Found a sparkling altar of Nemelex Xobeh.
    76 | D        | Found a hide-covered altar of Uskayaw.
    77 | D        | Found a basalt altar of Yredelemnul.
    78 | D        | Found an iron altar of Okawaru.
    78 | D        | Found a radiant altar of Vehumet.
    78 | D        | Found a glowing silver altar of Zin.
    78 | D        | Found a hazy altar of Hepliaklqana.
    78 | D        | Found a sacrificial altar of Ru.
    78 | D        | Found a shimmering altar of Xom.
    79 | D        | Found a stormy altar of Qazlal.
    79 | D        | Found an ornate altar of the Wu Jian Council.
    79 | D        | Found a glowing golden altar of the Shining One.
    83 | D        | Became a worshipper of Dithmenos the Shadowed
   112 | D        | Noticed an iron elemental
   115 | D        | Noticed a deep elf master archer
   118 | D        | Noticed a black bear
   118 | D        | Noticed a black bear
   118 | D        | Noticed a black bear
   123 | D        | Killed a black bear
   123 | D        | Reached skill level 10 in Stealth
   123 | D        | Reached skill level 5 in Spellcasting
   123 | D        | Reached XP level 5. HP: 9/28 MP: 2/13
   207 | D        | Killed a black bear
   207 | D        | Reached * piety under Dithmenos
   207 | D        | Reached skill level 11 in Stealth
   207 | D        | Reached XP level 6. HP: 19/32 MP: 13/16
   209 | D        | Reached skill level 12 in Stealth
   242 | D        | Noticed an unseen horror
   242 | D        | Noticed a soldier ant
   242 | D        | Noticed a redback
   242 | D        | Noticed a yak
   242 | D        | Noticed a yak
   242 | D        | Noticed an unseen horror
   242 | D        | Noticed a soldier ant
   242 | D        | Noticed a soldier ant
   242 | D        | Noticed a redback
   242 | D        | Noticed a hell hog
   242 | D        | Noticed a shining eye
   242 | D        | Noticed a hell hog
   242 | D        | Noticed a shining eye
   242 | D        | Noticed a shining eye
   245 | D        | Killed from afar by a hell hog

Skill      XL: |  1  2  3  4  5  6 |
---------------+-------------------+-----
Fighting       | 2 3 |  3.4
Short Blades   | 4 5 6 |  6.8
Stealth        | 6 7 10 11 12 | 12.2
Spellcasting   | 5 6 7 |  7.8
Hexes          | 6 7 8 |  8.2
Dodging        | |  3.0

Action                   |  1- 3 |  4- 6 || total
-------------------------+-------+-------++-------
Melee: Dagger            |    13 |    18 ||    31
 Cast: Ensorcelled Hiber |       |     2 ||     2
  Use: Potion            |     1 |       ||     1
 Stab: Sleeping          |       |     3 ||     3
Armor: Robe              |       |     2 ||     2
Dodge: Dodged            |     8 |    28 ||    36
